 Dungeon Crawl Stone Soup version 0.25-a0-611-g6918904 (webtiles) character file.

Game seed: 14588873052660697482, levelgen mode: deterministic

624 pkoi the Grappler (level 7, -4/57 HPs)
             Began as a Minotaur Monk on Mar 16, 2020.
             Was a Believer of Qazlal.
             Slain by Pikel
             ... wielding a +1 whip of freezing
              (6 damage)
             ... on level 4 of the Dungeon.
             The game lasted 00:03:57 (4109 turns).

pkoi the Grappler (Minotaur Monk)                   Turns: 4109, Time: 00:03:58

Health: -4/57      AC:  2    Str: 18    XL:     7   Next: 22%
Magic:  8/8        EV: 13    Int:  7    God:    Qazlal [**....]
Gold:   195        SH:  2    Dex: 12    Spells: 6/6 levels left

rFire    . . .     SeeInvis .   i - +1 dagger (elec)
rCold    . . .     Gourm    +   (no shield)
rNeg     + . .     Faith    .   a - +0 robe
rPois    +         Spirit   .   (helmet restricted)
rElec    .         Reflect  .   (no cloak)
rCorr    .         Harm     .   (no gloves)
MR       .....                  (no boots)
Stlth    ++........             j - amulet of the gourmand
HPRegen  0.19/turn              p - ring of positive energy
MPRegen  0.11/turn              n - ring of poison resistance

@: no status effects
A: retaliatory headbutt, horns 2
a: Upheaval, Renounce Religion


You were on level 4 of the Dungeon.
You worshipped Qazlal.
Qazlal was pleased with you.
You were not hungry.

You visited 2 branches of the dungeon, and saw 6 of its levels.

You collected 195 gold pieces.

Inventory:

Hand Weapons
 i - a +1 dagger of electrocution (weapon)
Armour
 a - a +0 robe (worn)
Jewellery
 f - an uncursed ring of protection from fire
 j - an amulet of the gourmand (around neck)
 n - a ring of poison resistance (right hand)
 p - a ring of positive energy (left hand)
 u - an uncursed amulet of rage
Scrolls
 e - 2 scrolls of amnesia {unknown}
 g - a scroll of fog {unknown}
 h - 4 scrolls of remove curse {unknown}
 k - 10 scrolls of identify {unknown}
 l - 2 scrolls of magic mapping {unknown}
 m - a scroll of random uselessness {unknown}
 v - a scroll of enchant armour {unknown}
 w - a scroll of noise {unknown}
Potions
 c - 4 potions of curing {unknown}
 d - a potion of invisibility {unknown}
 o - 2 potions of might {unknown}
 q - a potion of berserk rage {unknown}
 r - a potion of mutation {unknown}
 s - 2 potions of brilliance {unknown}
 t - a potion of magic {unknown}
Comestibles
 b - 11 rations


   Skills:
 - Level 3.6 Fighting
 - Level 3.2 Dodging
 - Level 1.5 Stealth
 + Level 8.5 Unarmed Combat
 + Level 3.0 Invocations


You had 6 spell levels left.
You didn't know any spells.
Your spell library was empty.

Dungeon Overview and Level Annotations

Branches:
Dungeon (5/15)             Temple (1/1) D:4

Altars:
Cheibriados
Dithmenos
Elyvilon
Fedhas
Gozag
Hepliaklqana
Kikubaaqudgha
Makhleb
Nemelex Xobeh
Okawaru
Qazlal
Ru
Sif Muna
Uskayaw
Wu Jian
Yredelemnul
Zin
The Shining One

Annotations:
D:4 Pikel


Innate Abilities, Weirdness & Mutations

You reflexively headbutt those who attack you in melee.
You have a pair of horns on your head.


Message History

* * * LOW HITPOINT WARNING * * *
You closely miss Pikel.
Pikel is lightly wounded.
Pikel hits you with a +1 whip of freezing!
* * * LOW HITPOINT WARNING * * *
Pikel freezes you.
* * * LOW HITPOINT WARNING * * *
You barely miss Pikel.
Pikel is lightly wounded.
You block Pikel's attack.
You hit Pikel but do no damage.
Pikel is lightly wounded.
Pikel hits you with a +1 whip of freezing.
* * * LOW HITPOINT WARNING * * *
Pikel freezes you.
* * * LOW HITPOINT WARNING * * *
You hit Pikel but do no damage. Lightning courses through Pikel!!
Pikel is heavily wounded.
Pikel hits you with a +1 whip of freezing.
You die...

#..........#..........#.....
#####.#....#.......####..##.
#.....#.##.#.......####..##.
#.....#.....#......#......).
#.....###'#...............##
#<....###_##................
#.......#'##..............##
#.....#...##°.............#
#.....##...@..............#
#####.##...K☼.............##
#.............#.........
####..........#.........
#............#.########
##.###......#...# ###...
#.........####..###.....
#.#.........###.>.....##
#.#..................#..


You could see Pikel.

Vanquished Creatures
  2 phantoms (D:4)
  3 slaves
  An ogre (D:4)
  A crimson imp (D:5)
  A hound (D:4)
  A centaur skeleton (D:4)
  An orc priest (D:2)
  An orc wizard (D:3)
  2 iguanas (D:4)
  2 worker ants (D:4)
  6 adders
  2 worms
  7 orcs
  5 bats
  2 giant cockroaches
  5 goblins
  6 hobgoblins
  7 jackals
  A quokka (D:3)
  A ball python skeleton (D:4)
  A frilled lizard (D:1)
  A jackal skeleton (D:4)
  4 kobolds
  5 rats
68 creatures vanquished.

Notes
Turn   | Place    | Note
-------+----------+-------------------------------------------
     0 | D:1      | pkoi the Minotaur Monk began the quest for the Orb.
     0 | D:1      | Reached XP level 1. HP: 19/19 MP: 0/0
   230 | D:1      | Reached XP level 2. HP: 22/26 MP: 1/1
   234 | D:1      | Reached skill level 4 in Unarmed Combat
   840 | D:2      | Found a sparkling altar of Nemelex Xobeh.
  1065 | D:2      | Reached XP level 3. HP: 17/31 MP: 2/2
  1308 | D:2      | Reached skill level 5 in Unarmed Combat
  1470 | D:2      | Found a faded altar of an unknown god.
  1782 | D:3      | Reached XP level 4. HP: 35/39 MP: 3/3
  2067 | D:3      | Found a basalt altar of Yredelemnul.
  2067 | D:3      | Found a sacrificial altar of Ru.
  2097 | D:3      | Reached skill level 6 in Unarmed Combat
  2298 | D:3      | Found an iron altar of Okawaru.
  2383 | D:2      | Reached XP level 5. HP: 29/45 MP: 4/4
  2846 | D:4      | Reached skill level 7 in Unarmed Combat
  2922 | D:4      | Found a staircase to the Ecumenical Temple.
  2923 | D:4      | Noticed a phantom
  2936 | D:4      | Killed a phantom
  2936 | D:4      | Reached XP level 6. HP: 44/51 MP: 5/5
  2945 | Temple   | Entered the Ecumenical Temple
  3132 | Temple   | Became a worshipper of Qazlal Stormbringer
  3132 | Temple   | Reached * piety under Qazlal
  3132 | Temple   | Reached ** piety under Qazlal
  3160 | D:4      | Reached skill level 1 in Invocations
  3179 | D:4      | Reached skill level 8 in Unarmed Combat
  3189 | D:4      | Reached XP level 7. HP: 12/57 MP: 7/7
  3598 | D:4      | Found an opulent altar of Gozag.
  3708 | D:5      | Entered Level 5 of the Dungeon
  3811 | D:5      | Noticed Pikel
  4108 | D:4      | HP: 2/57 [Pikel/+1 whip of freezing (1)]
  4109 | D:4      | Slain by Pikel

Levels and vault maps discovered:
D:1:      minmay_arrival_arboretum_small, layout_loops_ring
D:2:      layout_basic, nemelex_altar_shiori, chequers_ecumenical_altar_twisty
D:3:      layout_loops_ring, gammafunk_temple_overflow_claw
D:4:      layout_rooms, kennysheep_mini, temple_statues
D:5:      layout_loops_ring, vehumet_altar_wand_db, first_ration, uniq_pikel,
          uniq_sigmund, uniq_menkaure
Temple:   nicolae_temple_figure_eight

Skill      XL: |  1  2  3  4  5  6  7 |
---------------+----------------------+-----
Unarmed Combat | 4 5 6 7 8 |  8.5
Invocations    | 2 3 |  3.0
Fighting       | |  3.6
Dodging        | |  3.2
Stealth        | |  1.5

Action                   |  1- 3 |  4- 6 |  7- 9 || total
-------------------------+-------+-------+-------++-------
Melee: Unarmed           |    18 |       |       ||    18
       Headbutt          |     6 |    10 |     6 ||    22
       Dagger            |    49 |    67 |    33 ||   149
       Punch             |     1 |     1 |     2 ||     4
 Stab: Sleeping          |     3 |     2 |       ||     5
       Distracted        |     1 |       |       ||     1
  Eat: Chunk             |     3 |     4 |       ||     7
       Ration            |       |       |     1 ||     1
Armor: Robe              |     7 |     7 |     2 ||    16
Dodge: Dodged            |    50 |    35 |    16 ||   101
Block: Other             |       |       |     1 ||     1

Table legend:
 A = Non-vault XP
 B = Vault XP
 C = Vault XP percentage of total XP
 D = Non-vault monster count
 E = Vault monster count
 F = Vault count percentage of total count
                 A         B        C        D         E       F
            +---------+---------+-------+---------+---------+-------
      Total |     892 |       0 |   0.0 |      65 |       0 |   0.0
            +---------+---------+-------+---------+---------+-------
        D:1 |      20 |       0 |   0.0 |      11 |       0 |   0.0
        D:2 |     108 |       0 |   0.0 |      18 |       0 |   0.0
        D:3 |      95 |       0 |   0.0 |      21 |       0 |   0.0
        D:4 |     619 |       0 |   0.0 |      14 |       0 |   0.0
        D:5 |      50 |       0 |   0.0 |       1 |       0 |   0.0
            +---------+---------+-------+---------+---------+-------
